 Dungeon Crawl Stone Soup version 0.26.1 (webtiles) character file.

Game seed: 6500894128069635940

1320 DearestLeader the Geomancer (level 8, -26/44 HPs)
             Began as a Gargoyle Earth Elementalist on Feb 6, 2021.
             Annihilated by a lorocyproca (35 damage)
             ... on level 1 of the Abyss on Feb 7, 2021.
             The game lasted 00:17:23 (7057 turns).

DearestLeader the Geomancer (GrEE)                  Turns: 7057, Time: 00:17:24

Health: -26/44     AC: 11    Str: 13    XL:     8   Next: 59%
Magic:  0/13       EV: 12    Int: 17    God:
Gold:   140        SH:  0    Dex: 10    Spells: 3/14 levels left

rFire    . . .     SeeInvis .   o - +1 dagger (freeze)
rCold    + . .     Faith    .   (no shield)
rNeg     + + .     Spirit   .   q - +2 robe {rN+}
rPois    ∞         Reflect  .   (no helmet)
rElec    +         Harm     .   h - +1 cloak
rCorr    .         Rampage  .   (no gloves)
Will     .....                  (no boots)
Stlth    ++........             (no amulet)
HPRegen  0.14/turn              j - ring of wizardry
MPRegen  0.13/turn              l - ring of protection from cold

@: no status effects
A: negative energy resistance 1, electricity resistance, unbreathing,
petrification resistance, miasma immunity, AC +5
a: no special abilities


You were on level 1 of the Abyss.
You visited 1 branch of the dungeon, and saw 5 of its levels.
You visited the Abyss 1 time.
You also visited: Sewer.

You collected 329 gold pieces.
You spent 189 gold pieces at shops.

Inventory:

Hand Weapons
 d - a +0 short sword
 f - a +1 dagger
 o - a +1 dagger of freezing (weapon)
Missiles
 b - 152 stones
Armour
 h - a +1 cloak (worn)
 q - a +2 robe of positive energy (worn)
 z - a +0 buckler
Jewellery
 g - an uncursed ring of ice
 j - a ring of wizardry (left hand)
 l - a ring of protection from cold (right hand)
 v - a +6 ring of strength
 y - an uncursed amulet of guardian spirit
Wands
 c - a wand of random effects (21)
 m - a wand of disintegration (22)
 w - a wand of polymorph (8)
Scrolls
 a - 3 scrolls of teleportation
 e - 3 scrolls of enchant weapon
 i - 2 scrolls of magic mapping
 k - 3 scrolls of remove curse
 n - a scroll of random uselessness
 x - a scroll of enchant armour {unknown}
Potions
 p - 3 potions of lignification {unknown}
 r - 2 potions of flight {unknown}
 s - a potion of curing {unknown}
 t - 2 potions of heal wounds {unknown}
 u - a potion of magic {unknown}
 A - 4 potions of attraction {unknown}


   Skills:
 + Level 2.2 Fighting
 - Level 2.0 Dodging
 - Level 2.1 Stealth
 + Level 3.8 Spellcasting
 + Level 2.3 Conjurations
 - Level 0.7 Transmutations
 * Level 10.9 Earth Magic


You had 3 spell levels left.
You knew the following spells:

 Your Spells              Type           Power        Failure   Level
a - Sandblast             Erth           80%          1%          1
b - Passwall              Tmut/Erth      19%          1%          2
c - Stone Arrow           Conj/Erth      50%          1%          3
d - Lee's Rapid Deconstr  Erth           20%          1%          5

Your spell library contained the following spells:

 Spells                   Type           Power        Failure   Level
 Confusing Touch          Hex            3%           19%         3
 Gell's Gravitas          Tloc           1%           19%         3
 Petrify                  Tmut/Erth      23%          6%          4
 Yara's Violent Unravell  Hex/Tmut       2%           80%         5
 Metabolic Englaciation   Hex/Ice        1%           85%         5


Dungeon Overview and Level Annotations

Branches:
Dungeon (5/15)              Sewer (visited)
 Temple: D:4-7

Altars:
Gozag
Kikubaaqudgha
Qazlal
Yredelemnul

Shops:
D:4 [?:[?

Annotations:
D:4 3 runed translucent doors, Ebobla's ghost, amateur GnFi; Plopball's ghost, novice HaFi; feorh's ghost, amateur MiFi


Innate Abilities, Weirdness & Mutations

You are resistant to torment.
Your stone body is resilient. (AC +5)
You are immune to poison.
You resist negative energy. (rN+)
You are resistant to electric shocks. (rElec)
You can survive without breathing.
You are immune to petrification.
You are immune to miasma.


Message History

Ouch! That really hurt!
You feel your power leaking away.
Deactivating autopickup; reactivate with Ctrl-A.
Casting: Sandblast (safe; 1% risk of failure)
Confirm with . or Enter, or press ? or * to list all spells.
Okay, then.
Casting: Sandblast (safe; 1% risk of failure)
Confirm with . or Enter, or press ? or * to list all spells.
You don't have enough magic to cast that spell.
You hit something. Something hits you!
* * * LOW HITPOINT WARNING * * *
Casting: Sandblast (safe; 1% risk of failure)
Confirm with . or Enter, or press ? or * to list all spells.
You don't have enough magic to cast that spell.
Casting: Sandblast (safe; 1% risk of failure)
Confirm with . or Enter, or press ? or * to list all spells.
You don't have enough magic to cast that spell.
You hit something but do no damage. Something hits you!!
Ouch! That really hurt!
You die...

.. . . ###.##. #
..##..#. ###.## .#
.########... #.#.# #.≈
.........#.#.#.#.###...≈
#..#...#....... ...#.≈ #
#.........#..#.#. .
#..#..@...#### ... .#
#....#{#..##.##.#... .≈
...##......## ##.#.#.# ≈
# #..................#
#.#...).......#...
###....####.### ....≈
#..... . .....#..
#......#'''# .#.#..
....#... ..### .


There were no monsters in sight!

Vanquished Creatures
  Grinder (D:3)
  Eustachio (D:4)
  2 ogres (D:5)
  A big kobold (Sewer)
  5 killer bees (D:5)
  A howler monkey (D:4)
  A bullfrog zombie (D:5)
  A hound (D:5)
  A centaur skeleton (D:5)
  An orc priest (D:4)
  A bullfrog skeleton (D:4)
  Ijyb (D:3)
  2 worker ants
  A worker ant zombie (D:5)
  A gnoll (D:1)
  5 adders
  4 river rats (Sewer)
  An ooze (D:3)
  An adder skeleton (D:4)
  4 dart slugs
  2 worms
  The ghost of Descartes the Sneak, a weakling FeDe (D:5)
  5 leopard geckos
  15 orcs
  2 ball pythons
  7 bats
  3 giant cockroaches
  11 hobgoblins
  7 jackals
  6 quokkas
  8 frilled lizards
  2 gnoll zombies (D:5)
  16 goblins
  21 kobolds
  A leopard gecko skeleton (D:4)
  11 rats
154 creatures vanquished.

Vanquished Creatures (others)
  2 fungi (D:5)
  2 plants (D:5)
4 creatures vanquished.

Grand Total: 158 creatures vanquished

Notes
Turn   | Place    | Note
-------+----------+-------------------------------------------
     0 | D:1      | DearestLeader the Gargoyle Earth Elementalist began the
                  | quest for the Orb.
     0 | D:1      | Reached XP level 1. HP: 10/10 MP: 3/3
   492 | D:1      | Reached skill level 4 in Earth Magic
   492 | D:1      | Reached XP level 2. HP: 15/15 MP: 1/5
   891 | D:1      | Reached skill level 5 in Earth Magic
   891 | D:1      | Reached XP level 3. HP: 15/19 MP: 6/6
  1901 | D:2      | Reached skill level 6 in Earth Magic
  1901 | D:2      | Reached XP level 4. HP: 3/24 MP: 0/7
  2498 | D:2      | Learned a level 2 spell: Passwall
  2502 | D:2      | Learned a level 3 spell: Stone Arrow
  3182 | D:3      | Reached XP level 5. HP: 21/28 MP: 6/8
  3416 | D:3      | Found a stormy altar of Qazlal.
  3458 | D:3      | Found a glowing drain.
  3468 | Sewer    | Entered a sewer
  3472 | Sewer    | Reached skill level 7 in Earth Magic
  3659 | Sewer    | Noticed a big kobold
  3682 | Sewer    | Killed a big kobold
  3683 | Sewer    | Reached skill level 8 in Earth Magic
  3683 | Sewer    | Reached XP level 6. HP: 24/32 MP: 6/9
  3872 | Sewer    | Found a white marble altar of Elyvilon.
  3937 | D:3      | Noticed Grinder
  3942 | D:3      | Killed Grinder
  3943 | D:3      | Reached skill level 9 in Earth Magic
  3943 | D:3      | Reached XP level 7. HP: 36/36 MP: 5/10
  4625 | D:3      | Noticed Ijyb
  4627 | D:3      | Killed Ijyb
  4891 | D:4      | Found a runed translucent gate.
  4892 | D:4      | Found a runed translucent gate.
  4892 | D:4      | Found a runed translucent gate.
  4892 | D:4      | Noticed Ebobla's ghost (amateur GnFi)
  4892 | D:4      | Noticed Plopball's ghost (novice HaFi)
  4892 | D:4      | Noticed feorh's ghost (amateur MiFi)
  4931 | D:4      | Found Gile's Armour Emporium.
  4988 | D:4      | Bought a +1 cloak for 115 gold pieces
  5037 | D:4      | Found Zuc Teem's Magic Scroll Emporium.
  5155 | D:4      | Found Seicucavvo's Antique Armour Boutique.
  5209 | D:4      | Found Siseos's Magic Scroll Shop.
  5223 | D:4      | Found Vaefedai's Book Shoppe.
  5409 | D:4      | Learned a level 5 spell: Lee's Rapid Deconstruction
  5565 | D:4      | Noticed Eustachio
  5572 | D:4      | Killed Eustachio
  5573 | D:4      | Reached skill level 10 in Earth Magic
  5602 | D:4      | Bought an embroidered robe for 74 gold pieces
  5857 | D:5      | Entered Level 5 of the Dungeon
  6093 | D:5      | Reached XP level 8. HP: 33/41 MP: 12/12
  6168 | D:5      | Reached skill level 1 in Conjurations
  6209 | D:5      | Reached skill level 1 in Fighting
  6282 | D:5      | Found an opulent altar of Gozag.
  6634 | D:5      | Found an ancient bone altar of Kikubaaqudgha.
  6814 | D:5      | Found a runed translucent gate.
  6814 | D:5      | Noticed Descartes's ghost (weakling FeDe)
  6885 | D:5      | Found a runed translucent gate.
  6885 | D:5      | Found a runed translucent gate.
  6999 | D:5      | Found a basalt altar of Yredelemnul.
  7028 | D:5      | Killed Descartes's ghost
  7028 | D:5      | Cast into level 1 of the Abyss (big kobold)
  7057 | Abyss:1  | Annihilated by a lorocyproca

Illustrated notes

Levels and vault maps discovered:
D:1:      minmay_arrival_wavy_path, layout_loops_corners, st_stairs_6
D:2:      layout_basic
D:3:      kennysheep_goblin_castle, layout_basic,
          nicolae_qazlal_general_emergency, gup_sewer_entry_bowl, uniq_grinder
D:4:      layout_basic, serial_shops, nicolae_shop_behind_doors,
          nicolae_shop_crystal, nicolae_shop_statue_plus, shop_statue, shop,
          gammafunk_ghost_cemetery, minmay_goblin_kobold_house, uniq_eustachio
D:5:      layout_loops_ring, grunt_gozag_statues,
          lemuel_zombie_altar_yredelemnul, kiku_gazebo_pond_becter,
          gammafunk_ghost_nasty_kobolds
Abyss:1:  base:
D:1

Skill      XL: |  1  2  3  4  5  6  7  8 |
---------------+-------------------------+-----
Earth Magic    | 4 5 6 8 9 10 | 10.9
Spellcasting   | 3 |  3.8
Conjurations   | 2 |  2.3
Fighting       | 2 |  2.2
Dodging        | 2 |  2.0
Stealth        | |  2.1
Transmutations | |  0.7

Action                   |  1- 3 |  4- 6 |  7- 9 || total
-------------------------+-------+-------+-------++-------
Melee: Short sword       |    12 |       |       ||    12
       Unarmed           |     2 |       |       ||     2
       Dagger            |    63 |   209 |   223 ||   495
 Cast: Sandblast         |    24 |    36 |    44 ||   104
       Stone Arrow       |       |       |    10 ||    10
       Lee's Rapid Decon |       |       |     2 ||     2
  Use: Scroll            |       |     4 |     3 ||     7
 Stab: Sleeping          |     1 |       |     4 ||     5
Armor: Robe              |    19 |   103 |   102 ||   224
Dodge: Dodged            |    53 |   199 |   181 ||   433
